 Dungeon Crawl Stone Soup version 0.19.5 (webtiles) character file.

404 Ozymandias the Shield-Bearer (level 6, 0/56 HPs)
             Began as a Minotaur Fighter on Mar 28, 2017.
             Slain by a mummy (7 damage)
             ... in an ossuary.
             The game lasted 00:22:40 (1749 turns).

Ozymandias the Shield-Bearer (Minotaur Fighter)     Turns: 1749, Time: 00:22:41

Health: 0/56       AC:  9    Str: 23    XL:     6   Next: 56%
Magic:  5/5        EV:  6    Int:  5    God:
Gold:   96         SH: 10    Dex:  9    Spells: 0 memorised, 5 levels left

rFire  . . .     SeeInvis .     t - +0 flail
rCold  . . .     Gourm    .     h - +0 chain mail
rNeg   . . .     Faith    .     c - +0 shield
rPois  .         Spirit   .     (helmet restricted)
rElec  .         Reflect  .     (no cloak)
rCorr  .         Harm     .     (no gloves)
MR     .....     Rnd*Tele +     (no boots)
Stlth  ..........               (no amulet)
                                (no ring)
                                w - ring of teleportation (curse)

@: no status effects
A: retaliatory headbutt, horns 2
a: no special abilities


You were in an ossuary.
You were not hungry.

You visited 2 branches of the dungeon, and saw 5 of its levels.
You also visited: Ossuary.

You collected 96 gold pieces.

Inventory:

Hand Weapons
 a - a +0 flail
 d - a +0 giant club
 e - a +3 quarterstaff of chaos
 g - a +0 spear
 i - a +0 dagger
 k - a +0 dagger
 n - a +0 shortbow
 r - a +0 mace
 t - a +0 flail (weapon)
Missiles
 j - a tomahawk (quivered)
 o - 14 arrows
Armour
 b - a +0 scale mail
 c - a +0 shield (worn)
 h - a +0 chain mail (worn)
 l - a +0 robe
 m - a +0 cloak
Jewellery
 w - a cursed ring of teleportation (left hand)
Scrolls
 q - 2 scrolls of teleportation {unknown}
 s - a scroll of remove curse
 v - a scroll of enchant weapon {unknown}
Books
 u - a book of Maledictions

   Spells                             Type                      Level
   a - Corona                         Hexes                        1
   b - Ensorcelled Hibernation        Hexes/Ice                    2
   c - Confuse                        Hexes                        3
   d - Tukima's Dance                 Hexes                        3
   e - Dazzling Spray                 Conjuration/Hexes            3


   Skills:
 + Level 5.3 Fighting
 + Level 4.7 Maces & Flails
 + Level 0.2 Throwing
 + Level 5.2 Armour
 + Level 0.4 Dodging
 + Level 0.3 Stealth
 + Level 5.5 Shields


You had 5 spell levels left.
You didn't know any spells.

Dungeon Overview and Level Annotations

Branches:
Dungeon (5/15)             Temple (1/1) D:4

Altars:
Ashenzari
Cheibriados
Elyvilon
Gozag
Hepliaklqana
Kikubaaqudgha
Makhleb
Okawaru
Qazlal
Ru
Sif Muna
Trog
Uskayaw
Vehumet
Xom
Zin
The Shining One


Innate Abilities, Weirdness & Mutations

You reflexively headbutt those who attack you in melee.
You have a pair of horns on your head.


Message History

* * * LOW HITPOINT WARNING * * *
As you read the scroll labeled VIXUCH VIETT, it crumbles to dust.
You feel aware of your surroundings.
You sensed 1 shop/portal.
It was a scroll of magic mapping.
You block the orc zombie's attack.
The big kobold zombie hits you but does no damage.
You sock the orc zombie!
You destroy the orc zombie!
You block the mummy's attack.
The big kobold zombie barely misses you.
You furiously retaliate!
You headbutt the big kobold zombie! You hit the goblin zombie.
You headbutt the goblin zombie.
You destroy the goblin zombie!
The mummy hits you!
* * * LOW HITPOINT WARNING * * *
The big kobold zombie hits you but does no damage.
You sock the big kobold zombie! You headbutt the big kobold zombie.
The big kobold zombie is severely damaged.
The big kobold zombie hits you but does no damage.
The mummy hits you!
You die...

*.#.#.#.*,*,* #####
*.......,,,,, ##...##
*.......,,,,,
##.....###.......,,,,,
#................,,,,,
#..∩.∩...........,,,,,
#................,,,,,
##..M.Z###.......,,,,,
##..@## *.......,,,,,
##### *.......,,,,,
*.#.#.#.*,*,*
*######******


You could see a mummy and a big kobold zombie.

Vanquished Creatures
  An ogre (D:4)
  A centaur (D:4)
  A scorpion (D:4)
  A bullfrog skeleton (D:4)
  A hound (D:4)
  Crazy Yiuf (D:4)
  An iguana (D:4)
  A hound skeleton (D:4)
  3 gnolls (D:4)
  2 adders
  An adder skeleton (D:4)
  A bat (D:1)
  A gnoll zombie (Ossuary)
  2 goblins
  A hobgoblin (D:2)
  A quokka (D:4)
  A frilled lizard (D:4)
  A goblin zombie (Ossuary)
  2 hobgoblin zombies (Ossuary)
  2 orc zombies (Ossuary)
  A withered plant (D:4)
27 creatures vanquished.

Vanquished Creatures (others)
  An orc wizard (D:5)
  A worker ant (D:5)
  An orc (D:5)
  A quokka skeleton (D:5)
4 creatures vanquished.

Grand Total: 31 creatures vanquished

Notes
Turn   | Place    | Note
-------+----------+-------------------------------------------
     0 | D:1      | Ozymandias the Minotaur Fighter began the quest for the Orb.
     0 | D:1      | Reached XP level 1. HP: 19/19 MP: 0/0
   261 | D:2      | You fall through a shaft for 2 floors!
   296 | D:4      | Reached XP level 2. HP: 25/27 MP: 1/1
   303 | D:4      | Noticed an ogre
   315 | D:4      | Killed an ogre
   315 | D:4      | Reached XP level 3. HP: 9/34 MP: 2/2
   315 | D:4      | Reached XP level 4. HP: 11/41 MP: 3/3
   574 | D:4      | Reached XP level 5. HP: 41/47 MP: 4/4
   658 | D:4      | Noticed a centaur
   663 | D:4      | Killed a centaur
   663 | D:4      | Reached skill level 5 in Fighting
   663 | D:4      | Reached skill level 5 in Armour
   663 | D:4      | Reached skill level 5 in Shields
   663 | D:4      | Reached XP level 6. HP: 39/56 MP: 5/5
   935 | D:4      | Found an ancient bone altar of Kikubaaqudgha.
  1028 | D:4      | Found a runed door.
  1032 | D:4      | Noticed Crazy Yiuf
  1044 | D:4      | Killed Crazy Yiuf
  1245 | D:4      | Found a staircase to the Ecumenical Temple.
  1284 | Temple   | Entered the Ecumenical Temple
  1560 | D:5      | Entered Level 5 of the Dungeon
  1707 | D:5      | Found a sand-covered staircase.
  1715 | Ossuary  | Entered an ossuary
  1749 | Ossuary  | Slain by a mummy

Skill      XL: |  1  2  3  4  5 |
---------------+----------------+-----
Fighting       | 4 5 |  5.3
Armour         | 4 5 |  5.2
Maces & Flails | 3 4 |  4.7
Shields        | 4 5 |  5.5
Throwing       | |  0.2
Dodging        | |  0.4
Stealth        | |  0.3

Action                   |  1- 3 |  4- 6 || total
-------------------------+-------+-------++-------
Melee: Flail             |    18 |    86 ||   104
       Headbutt          |     1 |    27 ||    28
       Mace              |       |    19 ||    19
Throw: Tomahawk          |     2 |       ||     2
  Use: Potion            |     1 |     2 ||     3
       Scroll            |       |     3 ||     3
  Eat: Bread ration      |       |     1 ||     1
       Chunk             |       |     1 ||     1
Armor: Chain mail        |     3 |    41 ||    44
       Scale mail        |     1 |       ||     1
Dodge: Dodged            |     5 |    27 ||    32
Block: Shield            |     6 |    44 ||    50
